 Dungeon Crawl Stone Soup version 0.23-b1-6-ga921848b48 (webtiles) character file.

Game seed: 17592733294543384554

66 Kohma the Ruffian (level 4, -5/40 HPs)
             Began as a Ghoul Monk on Feb 2, 2019.
             Slain by Crazy Yiuf
             ... wielding a +4 quarterstaff of chaos
              (10 damage)
             ... on level 2 of the Dungeon.
             The game lasted 00:03:06 (1097 turns).

Kohma the Ruffian (Ghoul Monk)                      Turns: 1097, Time: 00:03:07

Health: -5/40      AC:  5    Str: 15    XL:     4   Next: 15%
Magic:  0/3        EV: 11    Int:  5    God:
Gold:   40         SH:  0    Dex: 11    Spells: 3/3 levels left

rFire    . . .     SeeInvis .     - Unarmed
rCold    + . .     Gourm    .   (no shield)
rNeg     + + +     Faith    .   d - +0 ring mail
rPois    ∞         Spirit   +   (no helmet)
rElec    .         Reflect  .   (no cloak)
rCorr    .         Harm     .   (no gloves)
MR       .....                  (no boots)
Stlth    +.........             c - amulet of guardian spirit
HPRegen  0.00/turn              (no ring)
MPRegen  0.08/turn              (no ring)

@: rotting
A: rotting body, claws 1, carnivore, cold resistance 1, negative energy
resistance 3, inhibited regeneration, torment resistance, unbreathing
a: no special abilities


You were on level 2 of the Dungeon.
You were not hungry.

You visited 1 branch of the dungeon, and saw 2 of its levels.

You collected 40 gold pieces.

Inventory:

Missiles
 g - 2 javelins (quivered)
Armour
 d - a +0 ring mail (worn)
Jewellery
 c - an amulet of guardian spirit (around neck)
 l - an uncursed amulet of magic regeneration {unknown}
Scrolls
 a - a scroll of identify {unknown}
 h - 3 scrolls of blinking
 i - a scroll of enchant weapon {unknown}
 k - a scroll of enchant armour {unknown}
Potions
 e - 2 potions of brilliance {unknown}
 j - a potion of berserk rage {unknown}
 m - a potion of haste {unknown}
Comestibles
 b - 8 rations


   Skills:
 + Level 4.0 Fighting
 - Level 2.6 Dodging
 - Level 2.1 Stealth
 * Level 4.8 Unarmed Combat


You had 3 spell levels left.
You didn't know any spells.
Your spell library was empty.

Dungeon Overview and Level Annotations

Branches:
Dungeon (2/15)

Altars:

Annotations:
D:2 Crazy Yiuf


Innate Abilities, Weirdness & Mutations

Your body is rotting away.
You thrive on raw meat.
You are immune to poison.
You have sharp fingernails.
You are carnivorous and can eat meat at any time.
Your flesh is cold resistant. (rC+)
You are immune to negative energy. (rN+++)
You do not regenerate when monsters are visible.
You are immune to unholy pain and torment.
You can survive without breathing.


Message History

All of the chunks of flesh in your inventory have rotted away.
Found a mace.
Found a runed translucent door.
Crazy Yiuf shouts!
Crazy Yiuf twirls on the spot.
You open the door.
Crazy Yiuf grits, "Trifle!"
You scratch Crazy Yiuf. Your claw misses Crazy Yiuf.
Crazy Yiuf is moderately wounded.
Crazy Yiuf hits you with a +4 quarterstaff of chaos!
You are electrocuted!
You scratch Crazy Yiuf.
Crazy Yiuf is heavily wounded.
Crazy Yiuf yells, "Whiteboard!"
Crazy Yiuf hits you with a +4 quarterstaff of chaos!
You are electrocuted!
* * * LOW HITPOINT WARNING * * *
You scratch Crazy Yiuf.
Crazy Yiuf is severely wounded.
Crazy Yiuf hits you with a +4 quarterstaff of chaos!
You die...

.................................
...###################..^........
...######### #...........
...........# ##### #........##.
...........# #)..# #.........#.
...........# #...# ###.......#.
...........# ... #.........
...........# #g# #.........
...........# #@## ####....##
...........# ##.# ######......
...........# #.## #...........
...........# ##.# ######.##.##
###........# ##.## #.# #....#
###........# ##...# #.####.#..##
...........# #....# #....#.#....
############ #....# #.........#.
...........#####..####...........


You could see Crazy Yiuf.

Vanquished Creatures
  3 adders (D:2)
  An ooze (D:2)
  A worm (D:2)
  2 bats
  A giant cockroach (D:2)
  3 goblins
  6 hobgoblins
  3 jackals (D:2)
  2 kobolds (D:1)
  2 quokkas (D:2)
  A ball python (D:2)
  A frilled lizard (D:2)
  4 rats
30 creatures vanquished.

Notes
Turn   | Place    | Note
-------+----------+-------------------------------------------
     0 | D:1      | Kohma the Ghoul Monk began the quest for the Orb.
     0 | D:1      | Reached XP level 1. HP: 19/19 MP: 0/0
   310 | D:1      | Reached XP level 2. HP: 24/26 MP: 1/1
   629 | D:2      | Reached XP level 3. HP: 25/33 MP: 2/2
   912 | D:2      | Reached XP level 4. HP: 40/40 MP: 3/3
  1088 | D:2      | Found a runed translucent door.
  1089 | D:2      | Noticed Crazy Yiuf
  1097 | D:2      | Slain by Crazy Yiuf

Skill      XL: |  1  2  3 |
---------------+----------+-----
Unarmed Combat | 4 |  4.8
Fighting       | 4 |  4.0
Dodging        | |  2.6
Stealth        | |  2.1

Action                   |  1- 3 |  4- 6 || total
-------------------------+-------+-------++-------
Melee: Unarmed           |   101 |     8 ||   109
       Punch             |     2 |       ||     2
  Use: Scroll            |     2 |       ||     2
 Stab: Sleeping          |     2 |     1 ||     3
  Eat: Chunk             |     6 |       ||     6
Armor: Robe              |     2 |       ||     2
       Ring mail         |    36 |     2 ||    38
Dodge: Dodged            |    53 |     3 ||    56
